 Dungeon Crawl Stone Soup version 0.20-a0-3-g334f831 (webtiles) character file.

178616 junb69 the Bludgeoner (level 17, -13/169 HPs)
             Began as a Red Draconian Gladiator on Oct 28, 2016.
             Was the Champion of Ashenzari.
             Mangled by a halberd of flaming (28 damage)
             ... on level 2 of the Elven Halls on Oct 30, 2016.
             The game lasted 01:54:50 (39293 turns).

junb69 the Bludgeoner (Red Draconian Gladiator)    Turns: 39293, Time: 01:54:51

Health: -13/169    AC: 14    Str: 19 (23) XL:     17   Next: 58%
Magic:  24/24      EV: 30    Int:  7 (9)  God:    Ashenzari [******]
Gold:   425        SH: 14    Dex: 19      Spells: 5 memorised, 9 levels left

rFire  + + .     SeeInvis +     t - +2 morningstar
rCold  + . .     Gourm    .     (armour unavailable)
rNeg   + . .     Faith    +     C - +0 shield (curse)
rPois  +         Spirit   .     u - -2 hat of the Alchemist {rElec rPois rF+ rC+ rN+ MR+ rMut rCorr} (curse)
rElec  +         Reflect  .     E - +0 cloak (curse)
rCorr  +         Harm     .     b - +2 pair of gloves (curse)
rMut   +         Clarity  +     w - +2 pair of boots (curse)
MR     +++..                    I - amulet of faith (curse)
Stlth  ++++++....               z - +5 ring of evasion (curse)
                                U - +3 ring of dexterity (curse)

@: mighty, about to teleport, very slightly contaminated, studying Crossbows,
repel missiles, drained
A: breathe fire, unfitting armour, deterioration 1, dopey 1, fire resistance 1,
low mp 1, magic resistance 1, robust 1, screaming 1, cold-blooded, AC +9
a: Breathe Fire, Curse Item, Scrying, Transfer Knowledge, Renounce Religion


You were on level 2 of the Elven Halls.
You worshipped Ashenzari.
Ashenzari was exalted by your worship.
You were not hungry.

You visited 5 branches of the dungeon, and saw 26 of its levels.
You visited the Abyss 1 time.
You also visited: Ossuary, Bailey and Volcano.

You collected 3046 gold pieces.
You spent 2621 gold pieces at shops.

Inventory:

Hand Weapons
 t - a +2 morningstar (weapon)
Missiles
 c - 5 throwing nets (quivered)
Armour
 b - a cursed +2 pair of gloves (worn)
 u - the cursed -2 hat of the Alchemist (worn) {rElec rPois rF+ rC+ rN+ MR+ rMut rCorr}
   (You bought it in a shop on level 2 of the Orcish Mines)

   It protects you from fire.
   It protects you from cold.
   It insulates you from electricity.
   It protects you from poison.
   It protects you from negative energy.
   It affects your resistance to hostile enchantments.
   It protects you from acid and corrosion.
   It protects you from mutation.
   It has a curse placed upon it.
 w - a cursed +2 pair of boots (worn)
 C - a cursed +0 shield (worn)
 E - a cursed +0 cloak (worn)
 G - the +2 pair of gloves of the Grey Skies {rN+ Regen+}
   (You bought it in a shop on level 2 of the Elven Halls)

   It protects you from negative energy.
   It increases your rate of regeneration.
Jewellery
 g - an uncursed ring of protection from cold
 z - a cursed +5 ring of evasion (right hand)
 B - an uncursed ring of protection from fire
 I - a cursed amulet of faith (around neck)
 U - a cursed +3 ring of dexterity (left hand)
Wands
 l - a wand of heal wounds (0/9)
 S - a wand of disintegration (1/24)
 Z - a wand of paralysis (10/24)
Scrolls
 e - 14 scrolls of teleportation
 f - 7 scrolls of enchant weapon
 i - 3 scrolls of recharging
 j - 6 scrolls of immolation
 n - 6 scrolls of fear
 p - a scroll of silence
 q - 6 scrolls of identify
 r - 3 scrolls of magic mapping
 v - 3 scrolls of amnesia
 x - 4 scrolls of blinking
 J - 3 scrolls of vulnerability
 K - 2 scrolls of remove curse
 N - 2 scrolls of fog
Potions
 h - 4 potions of flight
 k - 2 potions of resistance
 m - 3 potions of agility
 s - 5 potions of cancellation
 D - 9 potions of curing
 F - 4 potions of might
 L - 4 potions of lignification
Books
 A - the Guide on Attacks
   (You found it on level 1 of the Elven Halls)

   Spells                             Type                      Level
   a - Flame Tongue                   Conjuration/Fire             1
   b - Throw Flame                    Conjuration/Fire             2
   c - Bolt of Draining               Conjuration/Necromancy       5
   d - Freezing Cloud                 Conjuration/Ice/Air          6
 H - a book of Minor Magic

   Spells                             Type                      Level
   a - Magic Dart                     Conjuration                  1
   b - Blink                          Translocation                2
   c - Call Imp                       Summoning                    2
   d - Repel Missiles                 Charms/Air                   2
   e - Slow                           Hexes                        2
   f - Conjure Flame                  Conjuration/Fire             3
   g - Mephitic Cloud                 Conjuration/Poison/Air       3
 M - a manual of Crossbows
 Y - a book of the Earth

   Spells                             Type                      Level
   a - Leda's Liquefaction            Hexes/Earth                  4
   b - Bolt of Magma                  Conjuration/Fire/Earth       5
   c - Statue Form                    Transmutation/Earth          6
   d - Iron Shot                      Conjuration/Earth            6
   e - Shatter                        Earth                        9
Miscellaneous
 y - a fan of gales
Comestibles
 a - 2 chunks of flesh
 d - 9 bread rations
 o - 9 meat rations
 O - 13 royal jellies


   Skills:
 - Level 14.6(14.5) Fighting
 - Level 15.7(15.6) Maces & Flails
 - Level 1.7(1.6) Throwing
 - Level 10.5(14.7) Dodging
 - Level 8.8(13.1) Stealth
 - Level 12.7(15.2) Shields
 * Level 7.0(6.9) Spellcasting
 - Level 3.0(6.7) Charms
 * Level 7.1(11.5) Fire Magic
 - Level 3.3(7.1) Air Magic
 * Level 6.8(11.2) Earth Magic
 - Level 7.5(11.9) Evocations


You had 9 spell levels left.
You knew the following spells:

 Your Spells              Type           Power        Failure   Level  Hunger
a - Statue Form           Tmut/Erth      ##.......    100%        6    #######
b - Repel Missiles        Chrm/Air       ##....       1%          2    ##.....
c - Blink                 Tloc           N/A          30%         2    ##.....
d - Bolt of Magma         Conj/Fire/Erth ##........   28%         5    ######.
e - Iron Shot             Conj/Erth      ##........   100%        6    #######


Dungeon Overview and Level Annotations

Branches:
Dungeon (15/15)            Temple (1/1) D:5            Lair (6/6) D:9
  Swamp (0/4) Lair:4       Spider (0/4) Lair:2        Slime (0/5) Lair:6
    Orc (2/2) D:12            Elf (2/3) Orc:2        Vaults (0/5) D:14
 Depths (0/5) D:15

Altars:
Ashenzari
Cheibriados
Dithmenos
Elyvilon
Fedhas
Gozag
Hepliaklqana
Kikubaaqudgha
Makhleb
Nemelex Xobeh
Okawaru
Qazlal
Ru
Sif Muna
Trog
Uskayaw
Vehumet
Xom
Yredelemnul
Zin
The Shining One
Beogh

Shops:
D:8 :   D:9 *   D:15 *   Orc:2 ?*[}   Elf:2 *

Portals:
Trove: D:15 (give 7 scrolls of blinking)


Innate Abilities, Weirdness & Mutations

You can breathe blasts of fire.
Your fiery red scales are hard. (AC +9)
You cannot fit into any form of body armour.
Your flesh is heat resistant. (rF+)
You are cold-blooded and may be slowed by cold attacks.
Your body sometimes deteriorates upon taking damage.
You are dopey. (Int -2)
Your magical capacity is low. (-10% MP)
You are resistant to hostile enchantments. (MR+)
You are robust. (+10% HP)
You occasionally shout uncontrollably at your foes.


Message History

A halberd of flaming is nearby!
The halberd of flaming completely misses you.
Things that are here:
an uncursed short sword; an uncursed trident of venom The halberd of flaming completely misses you.
You see here an uncursed double sword of holy wrath.
You see here an uncursed mace of draining.
Blink to where?
Press: ? - help, Dir - move target cursor You are very lightly contaminated with residual magic.
As you read the scroll of blinking, it crumbles to dust.
Evoke which item? (* to show all) (? for menu, Esc to quit)
Zapping:
Z - a wand of paralysis (10/24)
Press: ? - help, Shift-Dir - straight line, f - halberd of flaming
Aim: a halberd of flaming (magic immune)
Okay, then.
As you read the scroll of teleportation, it crumbles to dust.
You feel strangely unstable.
The halberd of flaming hits you from afar!!
You die...

..#........... *#.#)..#...# ..
...............*##)##)..### *...
..............* ####...# * ..
........#....# ###.### *#.
.......# #...## ####'''''#### ##.
......## ##...###...........###..
.......###.....#.............#...
........#........................
..............(.@................
................................)
..##...##...##....##.....##....##
.####.####.####..####...####..###
## ### ### #### ##### ####


You could see a halberd of flaming.

Vanquished Creatures
  Gastronok (D:8)
  A deep elf sorcerer (Elf:1)
  Nessos (D:13)
  A deep elf demonologist (Elf:1)
  A deep elf annihilator (Elf:1)
  A deep elf death mage (Elf:1)
  A fire dragon (D:15)
  Harold (Lair:3)
  An ice dragon (Lair:6)
  6 hydras
  5 centaur warriors
  2 vault guards
  17 dancing weapons
  4 death yaks
  4 orc high priests
  18 deep elf knights
  Sonja (D:15)
  Nergalle (Lair:2)
  A sun demon (Abyss:3)
  A fire crab (Lair:4)
  6 skeletal warriors
  A sixfirhy (Abyss:3)
  A hell knight (Volcano)
  A deep troll (D:14)
  2 lindwurms (Lair:6)
  3 unseen horrors
  A phantasmal warrior (D:15)
  4 hill giants
  A wolf spider zombie (D:13)
  The ghost of feelmyfire the Carver, a novice MiFi of Okawaru (D:6)
  Pikel (D:4)
  14 deep elf archers
  A mana viper (Abyss:3)
  6 orc knights
  A necromancer (D:15)
  6 orc sorcerers
  4 ugly things
  A manticore (D:11)
  58 deep elf magi
  A fire giant zombie (D:15)
  4 cyclopes
  6 elephants (Lair:6)
  Psyche (D:9)
  4 black mambas
  Maurice (D:13)
  A smoke demon (Abyss:3)
  A gargoyle (D:10)
  A molten gargoyle (D:13)
  7 torpor snails
  A yaktaur zombie (D:15)
  A hellion (Abyss:3)
  A kobold demonologist (D:11)
  6 spiny frogs
  10 komodo dragons
  An efreet (D:12)
  4 rime drakes
  A yaktaur (Volcano)
  9 trolls
  9 hornets
  A guardian mummy (D:15)
  4 jumping spiders (Lair:2)
  9 polar bears (Lair:6)
  A meliai (D:14)
  3 tyrant leeches (Lair:6)
  4 raiju (Lair:6)
  3 two-headed ogres
  3 blink frogs (Lair:6)
  An ettin zombie (D:15)
  9 hippogriffs
  A small abomination (Abyss:3)
  A large abomination (Abyss:3)
  A spriggan (D:8)
  An ice dragon skeleton (D:15)
  2 shadows
  4 redbacks
  2 wyverns
  A wraith (Abyss:3)
  2 vampires
  2 fire elementals (Elf:1)
  39 yaks
  4 basilisks
  2 water elementals
  A steam dragon (D:14)
  3 hungry ghosts
  6 vampire mosquitoes
  6 wargs
  16 water moccasins
  A mottled dragon (D:11)
  A soldier ant (D:11)
  8 hell hounds
  17 porcupines
  34 orc warriors
  2 eyes of draining (D:12)
  13 black bears (Lair:6)
  An ice beast (D:5)
  5 sky beasts
  2 phantoms (D:5)
  A slave (D:4)
  A necrophage (D:12)
  16 ogres
  21 centaurs
  10 wolves (Lair:6)
  15 crocodiles
  2 big kobolds (D:13)
  2 elf zombies (Ossuary)
  A spectral wyvern (D:10)
  14 bullfrogs
  3 earth elementals (Elf:1)
  A scorpion (D:10)
  4 killer bees (D:12)
  2 vampire bats (Lair:1)
  8 wights
  5 howler monkeys
  An electric eel (Lair:2)
  7 crimson imps
  A lava snake (D:13)
  19 hounds
  A human zombie (Ossuary)
  6 centaur zombies
  26 orc wizards
  5 centaur skeletons
  16 orc priests
  2 bullfrog skeletons
  3 jellies
  Jessica (D:2)
  An iguana (D:8)
  6 worker ants
  A killer bee zombie (D:10)
  2 big kobold zombies (Ossuary)
  A hound zombie (D:11)
  A hound skeleton (D:4)
  2 mummies (Ossuary)
  A howler monkey zombie (D:10)
  3 worker ant zombies
  13 gnolls
  11 adders
  4 shadow imps
  An adder skeleton (D:7)
  3 adder zombies
  3 worms
  7 leopard geckos
  122 orcs
  A ball python (D:5)
  7 giant cockroaches
  6 goblins
  7 hobgoblins
  8 jackals
  15 kobolds
  A quokka (D:3)
  16 bats
  3 frilled lizards
  4 goblin zombies (Ossuary)
  8 hobgoblin zombies (Ossuary)
  7 kobold zombies (Ossuary)
  A leopard gecko skeleton (D:4)
  11 orc zombies (Ossuary)
  A quokka zombie (D:5)
  7 rats
  A plant (Lair:6)
948 creatures vanquished.

Vanquished Creatures (others)
  A deep elf knight (Elf:1)
  A bullfrog (D:10)
  A hound (Lair:6)
  An orc priest (Orc:2)
  3 orcs
  A quokka (D:4)
  2 fungi
  16 plants
  2 withered plants (D:15)
28 creatures vanquished.

Grand Total: 976 creatures vanquished

Notes
Turn   | Place    | Note
-------+----------+-------------------------------------------
     0 | D:1      | junb69 the Draconian Gladiator began the quest for the Orb.
     0 | D:1      | Reached XP level 1. HP: 17/17 MP: 1/1
   130 | D:1      | Reached XP level 2. HP: 13/25 MP: 2/2
   842 | D:2      | Noticed Jessica
   851 | D:2      | Killed Jessica
   851 | D:2      | Reached XP level 3. HP: 22/31 MP: 3/3
   949 | D:2      | Reached skill level 4 in Maces & Flails
   949 | D:2      | Reached XP level 4. HP: 25/40 MP: 4/4
  1776 | D:3      | Reached XP level 5. HP: 39/47 MP: 5/5
  2326 | D:3      | Reached skill level 5 in Maces & Flails
  2871 | D:4      | Found a sparkling altar of Nemelex Xobeh.
  2908 | D:4      | Reached skill level 5 in Fighting
  2912 | D:4      | Reached XP level 6. HP: 35/56 MP: 6/6
  3546 | D:4      | Noticed a slave
  3572 | D:4      | Killed a slave
  3683 | D:4      | Noticed Pikel
  3735 | D:4      | Noticed a slave
  3744 | D:4      | Noticed a slave
  3745 | D:4      | Noticed a slave
  3751 | D:4      | Killed Pikel
  3751 | D:4      | Reached skill level 6 in Maces & Flails
  3751 | D:4      | Your scales start taking on a fiery red colour.
  3751 | D:4      | Reached XP level 7. HP: 31/66 MP: 7/7
  3751 | D:4      | Gained mutation: Your flesh is heat resistant. (rF+) [Red Draconian growth]
  4177 | D:5      | Entered Level 5 of the Dungeon
  4193 | D:5      | Reached skill level 7 in Maces & Flails
  4280 | D:5      | Reached XP level 8. HP: 67/73 MP: 8/8
  4714 | D:5      | Found a staircase to the Ecumenical Temple.
  4798 | Temple   | Entered the Ecumenical Temple
  4961 | Temple   | Became a worshipper of Ashenzari the Shackled
  5271 | D:5      | Reached skill level 8 in Maces & Flails
  5785 | D:6      | Noticed feelmyfire's ghost (novice MiFi)
  6045 | D:6      | Reached XP level 9. HP: 53/84 MP: 9/9
  6055 | D:6      | Killed feelmyfire's ghost
  6055 | D:6      | Reached skill level 9 in Maces & Flails
  6678 | D:7      | Found a sand-covered staircase.
  6687 | Ossuary  | Entered an ossuary
  7572 | D:7      | Gained mutation: You are dopey. (Int -2) [mutagenic meat]
  7573 | D:7      | Gained mutation: Your body sometimes deteriorates upon taking damage. [mutagenic meat]
  7574 | D:7      | Gained mutation: You are resistant to hostile enchantments. (MR+) [mutagenic meat]
  7575 | D:7      | Gained mutation: You are robust. (+10% HP) [mutagenic meat]
  7980 | D:8      | Reached skill level 10 in Maces & Flails
  8009 | D:8      | Noticed Gastronok
  8306 | D:8      | Reached skill level 5 in Dodging
  8368 | D:8      | Reached XP level 10. HP: 58/102 MP: 10/10
  8564 | D:8      | Reached skill level 10 in Fighting
  8738 | D:8      | Reached * piety under Ashenzari
  8868 | D:8      | Killed Gastronok
  8985 | D:8      | Killed an unseen horror
  9205 | D:8      | Found Abuwnopt's Book Emporium.
  9485 | D:9      | Reached skill level 1 in Shields
  9876 | D:9      | Found Abig's General Store.
  9882 | D:9      | Bought a scroll of remove curse for 45 gold pieces
  9882 | D:9      | Bought a potion of curing for 45 gold pieces
  9917 | D:9      | Noticed Psyche
  9919 | D:9      | Killed Psyche
  9972 | D:9      | Found a staircase to the Lair.
 10229 | D:9      | Reached XP level 11. HP: 81/112 MP: 11/11
 10429 | Lair:1   | Entered Level 1 of the Lair of Beasts
 10468 | Lair:1   | Found a dark tunnel.
 10474 | Volcano  | Entered a volcano
 10529 | Volcano  | Noticed a centaur warrior
 10544 | Volcano  | Killed a centaur warrior
 10595 | Volcano  | Noticed a hell knight
 10618 | Volcano  | Killed a hell knight
 10968 | Lair:1   | Reached ** piety under Ashenzari
 10977 | Lair:1   | Reached skill level 5 in Shields
 11044 | Lair:1   | Noticed a four-headed hydra
 11077 | Lair:1   | Killed a four-headed hydra
 11327 | Lair:1   | Noticed a six-headed hydra
 11771 | Lair:2   | Noticed Nergalle
 11778 | Lair:2   | Noticed a spectral orc warlord
 11787 | Lair:2   | Noticed a spectral orc warlord
 11821 | Lair:1   | HP: 4/112 [six-headed hydra (10)]
 11822 | Lair:1   | Killed a six-headed hydra
 12829 | Lair:1   | Reached skill level 10 in Dodging
 13075 | Lair:1   | Upgraded the game from 0.20-a0-2-g2b0e13a to 0.20-a0-3-g334f831
 13175 | Lair:1   | Reached skill level 1 in Evocations
 13683 | Lair:2   | Reached XP level 12. HP: 56/121 MP: 13/13
 14192 | Lair:2   | Reached *** piety under Ashenzari
 14287 | Lair:2   | Found a hole to the Spider Nest.
 14349 | Lair:2   | Killed Nergalle
 15147 | Lair:3   | Noticed Harold
 15163 | Lair:3   | Killed Harold
 15163 | Lair:3   | Reached skill level 5 in Evocations
 15665 | Lair:3   | Reached skill level 11 in Maces & Flails
 15865 | Lair:4   | Reached **** piety under Ashenzari
 16429 | Lair:4   | Noticed a death yak
 16429 | Lair:4   | Noticed a death yak
 16430 | Lair:4   | Noticed a death yak
 16431 | Lair:4   | Noticed a death yak
 16549 | Lair:3   | Killed a death yak
 16991 | Lair:3   | Killed a death yak
 17128 | Lair:2   | Killed a death yak
 17240 | Lair:3   | Killed a death yak
 17491 | Lair:4   | Found a staircase to the Swamp.
 17633 | Lair:4   | Got the arbalest "Gonk" {elec, -Tele Str+4 Int+2 Dex+4}
 17827 | Lair:5   | Noticed a six-headed hydra
 17835 | Lair:5   | Killed a six-headed hydra
 17835 | Lair:5   | Reached XP level 13. HP: 130/130 MP: 18/18
 17941 | Lair:5   | Reached ***** piety under Ashenzari
 19128 | D:10     | Entered Level 10 of the Dungeon
 19151 | D:9      | Reached skill level 12 in Maces & Flails
 20388 | D:11     | Reached skill level 1 in Stealth
 21280 | D:11     | Learned a level 6 spell: Statue Form
 21283 | D:11     | Learned a level 2 spell: Repel Missiles
 21793 | D:12     | Found a flagged portal.
 21812 | Bailey   | Entered a bailey
 23257 | D:12     | Found a roughly hewn altar of Beogh.
 23257 | D:12     | Found a staircase to the Orcish Mines.
 23499 | D:12     | Reached skill level 13 in Maces & Flails
 23618 | D:12     | Reached ****** piety under Ashenzari
 24022 | Orc:1    | Entered Level 1 of the Orcish Mines
 24453 | Orc:1    | Found a roughly hewn altar of Beogh.
 24785 | Orc:2    | Entered Level 2 of the Orcish Mines
 24934 | Orc:2    | Found a staircase to the Elven Halls.
 25102 | Orc:2    | Reached XP level 14. HP: 145/145 MP: 19/19
 26494 | Orc:2    | Found Siovabbaesch's Magic Scroll Shop.
 26494 | Orc:2    | Found Otzewn's General Store.
 26496 | Orc:2    | Found Tuymypsa's Antique Armour Shop.
 26496 | Orc:2    | Found Ucumaw's Gadget Shoppe.
 26510 | Orc:2    | Gained mutation: Your magical capacity is low. (-10% MP) [a neqoxec]
 26512 | Orc:2    | Gained mutation: You occasionally shout uncontrollably at your foes. [a neqoxec]
 26532 | Orc:2    | Bought a scroll of blinking for 120 gold pieces
 26537 | Orc:2    | Bought a scroll of remove curse for 36 gold pieces
 26537 | Orc:2    | Bought a scroll of remove curse for 36 gold pieces
 26541 | Orc:2    | Bought the -2 hat of the Alchemist {rElec rPois rF+ rC+ rN+ MR+ rMut rCorr} for 1463 gold pieces
 26571 | Orc:2    | Bought a scroll of teleportation for 36 gold pieces
 26571 | Orc:2    | Bought a scroll of teleportation for 36 gold pieces
 26571 | Orc:2    | Bought a scroll of identify for 24 gold pieces
 26571 | Orc:2    | Bought a scroll of identify for 24 gold pieces
 26573 | Orc:2    | Reached XP level 15. HP: 134/151 MP: 18/18
 26958 | D:13     | Noticed Maurice
 26998 | D:13     | Killed Maurice
 27002 | D:13     | Noticed Nessos
 27012 | D:13     | Killed Nessos
 27145 | D:13     | Reached skill level 10 in Shields
 28082 | D:14     | Learned a level 2 spell: Blink
 28238 | D:14     | Reached skill level 14 in Maces & Flails
 28365 | D:14     | Found a gate to the Vaults.
 29278 | D:15     | Entered Level 15 of the Dungeon
 29626 | D:15     | Noticed Sonja
 29638 | D:15     | Killed Sonja
 29950 | D:15     | Found a shimmering altar of Xom.
 29951 | D:15     | Found a shimmering altar of Xom.
 29976 | D:15     | Found a portal to a secret trove of treasure.
 30057 | D:15     | Found a staircase to the Depths.
 30659 | D:15     | Found Jixtydu's Assorted Antiques.
 30676 | D:15     | Found a glowing silver altar of Zin.
 30772 | D:15     | Found a shimmering altar of Xom.
 31090 | Lair:6   | Entered Level 6 of the Lair of Beasts
 31171 | Lair:5   | Reached skill level 15 in Maces & Flails
 31311 | Lair:6   | Reached XP level 16. HP: 160/160 MP: 19/19
 31473 | Lair:6   | Found a staircase to the Slime Pits.
 32808 | Lair:6   | Found a runed door.
 32903 | Lair:6   | Paralysed by a hornet for 3 turns
 33715 | Orc:2    | Bought a wand of heal wounds (3/9) for 462 gold pieces
 33781 | Elf:1    | Entered Level 1 of the Elven Halls
 33789 | Elf:1    | Reached skill level 1 in Earth Magic
 34134 | Elf:1    | Learned a level 5 spell: Bolt of Magma
 34141 | Elf:1    | Learned a level 6 spell: Iron Shot
 34206 | Elf:1    | Reached skill level 1 in Fire Magic
 34308 | Elf:1    | Cast into level 3 of the Abyss (a deep elf sorcerer)
 34433 | Abyss:3  | Reached skill level 5 in Stealth
 34550 | Elf:1    | Escaped the Abyss
 34820 | Elf:1    | Identified the Guide on Attacks
 34834 | Elf:1    | Noticed a Hell Sentinel
 36036 | Elf:1    | Reached XP level 17. HP: 154/169 MP: 21/21
 36129 | Elf:2    | Found a huge runed gate.
 36129 | Elf:2    | Found a huge runed gate.
 36143 | Elf:2    | Reached skill level 5 in Spellcasting
 36312 | Elf:2    | Found a huge runed gate.
 36670 | Elf:2    | Found Sijam's Assorted Antiques.
 36770 | Elf:2    | Reached skill level 5 in Earth Magic
 37014 | Elf:2    | Bought a pair of ichor-stained gloves for 180 gold pieces
 37014 | Elf:2    | Identified the +2 pair of gloves of the Grey Skies {rN+ Regen+} (You bought it in a shop on level 2 of the Elven Halls)
 37016 | Elf:2    | Bought a scroll of remove curse for 57 gold pieces
 37016 | Elf:2    | Bought a scroll of remove curse for 57 gold pieces
 37130 | Elf:2    | Reached skill level 5 in Fire Magic
 39247 | Elf:2    | HP: 5/169 [halberd of protection (22)]
 39269 | Elf:2    | HP: 5/169 [halberd of flaming (25)]
 39269 | Elf:2    | HP: 1/169 [halberd of flaming (4)]
 39274 | Elf:2    | HP: 8/169 [halberd of flaming (5)]
 39293 | Elf:2    | Mangled by a halberd of flaming

Vault maps used:
D:1:      dpeg_arrival_oval, serial_park_tiny_1
D:2:      uniq_jessica
D:4:      wad_lake_hut, first_bread, nemelex_altar_shiori, uniq_pikel
D:5:      minmay_misc_feat_iff, serial_bayou_ford_a
D:7:      chequers_ossuary_entry_cave
D:8:      serial_shops, shop, the_bakery, uniq_gastronok
D:9:      minmay_lair_entry_lava, serial_shops, shop, corexii_hall_statues_s,
          uniq_psyche
D:10:     hangedman_weighted_door, grunt_decor_mini_mirrors, feat_on_display
D:11:     kennysheep_windowed_halls
D:12:     david_orc_5, enter_bailey_2, portal_ice_cave_rime
D:13:     kennysheep_boxes, uniq_maurice, uniq_nessos
D:14:     david_vaults_5
D:15:     gammafunk_depths_entry_grave, enter_trove_5, zin_angel, serial_shops,
          shop, roderic_roman_lattice, minivault_1, xom_shifter_show, uniq_sonja
Temple:   regret_index_temple_sigil_plot
Lair:1:   enter_volcano_2, roderic_batcave, small_statue_intersection,
          beast_lair_carwin_1, lemuel_fruit_fields
Lair:2:   nicolae_spider_entry_tight_spaces, fungi_pond_lemuel,
          infiniplex_staircase_pool, uniq_nergalle
Lair:3:   hibernation_bobbens, uniq_harold
Lair:4:   swamp_mist_pool, infiniplex_staircase_pool_2, grunt_megastairs_3,
          lemuel_fruit_tree
Lair:5:   minmay_stone_trees_large
Lair:6:   hangedman_lair_caniforms_friends, wormcave, slime_dummy
Orc:1:    basic_altar, mines_bat_river
Orc:2:    grunt_orc_tribal_feast
Elf:1:    minmay_elf_arrival_summoners, minmay_elf_annihilation
Elf:2:    serial_shops, shop
Abyss:3:  evilmike_abyss_rune_tso_outpost
Ossuary:  ossuary_tomb_1
Bailey:   bailey_polearm_flooded_kennysheep, bailey
Volcano:  volcano_pools

Skill      XL: |  1  2  3  4  5  6  7  8  9 10 11 12 13 14 15 16 17 |
---------------+----------------------------------------------------+-----
Fighting       | 3 4 5 7 9 11 12 14 | 14.6
Maces & Flails | 4 5 6 7 8 10 11 13 15 | 15.7
Dodging        | 5 8 10 | 10.5
Shields        | 3 7 8 9 12 | 12.7
Evocations     | 2 7 |  7.5
Stealth        | 4 8 |  8.8
Spellcasting   | 2 4 7 |  7.0
Charms         | 3 |  3.0
Air Magic      | 3 |  3.3
Earth Magic    | 3 6 |  6.8
Fire Magic     | 2 7 |  7.1
Throwing       | |  1.7

Action                   |  1- 3 |  4- 6 |  7- 9 | 10-12 | 13-15 | 16-18 || total
-------------------------+-------+-------+-------+-------+-------+-------++-------
Melee: Flail             |    57 |   256 |   374 |   800 |  1295 |       ||  2782
       Tailslap          |     5 |    35 |    51 |   164 |   343 |   305 ||   903
       Morningstar       |       |       |       |       |   609 |  1570 ||  2179
Throw: Throwing net      |       |     3 |       |     4 |       |       ||     7
 Cast: Repel Missiles    |       |       |       |       |     6 |     7 ||    13
Invok: Curse Item        |       |       |     1 |     5 |     2 |     3 ||    11
 Abil: Breathe Fire      |       |       |    22 |    35 |    30 |    27 ||   114
Evoke: Wand              |       |       |       |    17 |     7 |    12 ||    36
  Use: Scroll            |       |     2 |     4 |    17 |    16 |     4 ||    43
       Potion            |       |     1 |       |     9 |     6 |     9 ||    25
 Stab: Held in net/web   |       |     2 |       |     5 |       |       ||     7
       Sleeping          |       |       |     1 |     1 |     9 |     6 ||    17
       Distracted        |       |       |     1 |     1 |       |     6 ||     8
       Paralysed         |       |       |       |       |     7 |       ||     7
  Eat: Chunk             |       |     9 |    16 |    24 |    38 |    20 ||   107
       Fruit             |       |     1 |     2 |     6 |    11 |     9 ||    29
       Royal jelly       |       |       |     1 |       |       |     1 ||     2
       Pizza             |       |       |     1 |     2 |     2 |     2 ||     7
       Beef jerky        |       |       |     1 |     1 |     1 |       ||     3
       Bread ration      |       |       |     1 |     1 |       |       ||     2
Armor: Skin              |    25 |    78 |   109 |   143 |   204 |   150 ||   709
Dodge: Dodged            |    43 |   169 |   226 |   502 |  1290 |  1044 ||  3274
       Deflected         |       |       |       |       |     7 |    20 ||    27
Block: Shield            |       |       |       |   384 |  1202 |   904 ||  2490
